 Dungeon Crawl Stone Soup version 0.29.0-11-gd7f09526c8 (webtiles) character file.

Game seed: 4394860215735812025

34 VictoriousLee the Sneak (level 3, 0/28 HPs)
             Began as a Ghoul Enchanter on Sept 4, 2022.
             Was a High Priest of Ignis.
             Slain by a jackal (1 damage)
             ... on level 2 of the Dungeon.
             The game lasted 00:04:50 (1916 turns).

VictoriousLee the Sneak (Ghoul Enchanter)           Turns: 1916, Time: 00:04:51

Health: 0/28       AC:  6    Str: 13    XL:     3   Next: 31%
Magic:  4/4        EV:  9    Int: 10    God:    Ignis [*****.]
Gold:   77         SH:  0    Dex:  9    Spells: 5/5 levels left

rFire   + . .      SeeInvis .   a - +1 dagger
rCold   + . .      Faith    .   (no shield)
rNeg    + + +      Spirit   .   s - +0 scale mail
rPois   ∞          Reflect  .   (no helmet)
rElec   .          Harm     .   (no cloak)
rCorr   .          Rampage  .   (no gloves)
Will    .....                   (no boots)
Stlth   +.........              (no amulet)
HPRegen 0.00/turn               (no ring)
MPRegen 0.09/turn               (no ring)

@: inhibited regen, invisible
A: claws 1, cold resistance 1, negative energy resistance 3, inhibited
regeneration, torment resistance 2, devour on kill
a: Renounce Religion, Fiery Armour, Foxfire Swarm, Rising Flame


You were on level 2 of the Dungeon.
You worshipped Ignis.
Ignis was extremely pleased with you.
You visited 1 branch of the dungeon, and saw 2 of its levels.

You collected 77 gold pieces.

Inventory:

Hand Weapons
 a - a +1 dagger (weapon)
Missiles
 e - 5 javelins (quivered)
 l - 10 poisoned darts
Armour
 b - a +0 robe
 i - a +0 ring mail
 s - a +0 scale mail (worn)
Jewellery
 p - a ring of willpower
Scrolls
 d - a scroll of poison {unknown}
 g - a scroll of immolation {unknown}
 h - a scroll of enchant armour {unknown}
 k - a scroll of enchant weapon {unknown}
 m - a scroll of blinking {unknown}
 n - a scroll of identify {unknown}
 r - a scroll of fear {unknown}
Potions
 c - a potion of invisibility
 f - a potion of lignification {unknown}
 j - 2 potions of flight {unknown}
 o - a potion of mutation {unknown}
 q - a potion of might {unknown}


   Skills:
 + Level 1.5 Fighting
 - Level 0.8 Short Blades
 - Level 1.7 Dodging
 - Level 3.2 Stealth
 * Level 2.5 Unarmed Combat
 - Level 1.7 Spellcasting
 - Level 2.4 Hexes


You had 5 spell levels left.
You didn't know any spells.
Your spell library contained the following spells:

 Spells                   Type           Power      Damage    Failure   Level
 Ensorcelled Hibernation  Hex/Ice        6%         N/A       83%         2
 Confusing Touch          Hex            5%         N/A       87%         3
 Tukima's Dance           Hex            5%         N/A       87%         3
 Dazzling Flash           Conj/Hex       6%         N/A       96%         3


Dungeon Overview and Level Annotations

Branches:
Dungeon (2/15)

Altars:
Ignis


Innate Abilities, Weirdness & Mutations

You are immune to poison.
You have sharp fingernails.
Your flesh is cold resistant. (rC+)
You are immune to negative energy. (rN+++)
You do not regenerate when monsters are visible.
You are immune to unholy pain and torment.
You thrive by killing the living.


Message History

The jackal bites you. The jackal attacks as you move away!
The jackal barely misses you. The jackal bites you.
You closely miss the jackal. The jackal closely misses you.
The gnoll hits you from afar with a +0 halberd!
The jackal attacks as you move away! The jackal misses you.
The jackal barely misses you. The jackal attacks as you move away!
The jackal bites you. The jackal barely misses you.
The jackal attacks as you move away! The jackal bites you.
The jackal closely misses you. The jackal attacks as you move away!
The jackal bites you but does no damage.
The jackal barely misses you. The jackal attacks as you move away!
The jackal barely misses you. The jackal closely misses you.
The jackal attacks as you move away!
The jackal bites you but does no damage.
The jackal bites you.
You closely miss the jackal. The jackal bites you.
* * * LOW HITPOINT WARNING * * *
The jackal bites you but does no damage.
You hit the jackal.
The jackal is lightly wounded.
The jackal bites you.
* * * LOW HITPOINT WARNING * * *
The jackal attacks as you move away!
The jackal bites you but does no damage.
The jackal completely misses you. The jackal bites you.
* * * LOW HITPOINT WARNING * * *
The jackal attacks as you move away!
The jackal bites you but does no damage.
The jackal bites you but does no damage.
The jackal bites you but does no damage.
You fade into invisibility!
The jackal closely misses you.
There is a stone staircase leading up here.
The jackal bites you.
You die...

...............>....#
g..######.#####.....#
...######...........#
...g..g.#..####.....#
...####.#..#........#
...# #h#..#.##.....###♣
##.####.#....g.h.......♣
#.##......#.##h....##♣♣
#.##......#....@####
##.##......####.##
##.##......# #.# ♣#
#......# #.# ~♣ #......#
#.# P♣ ###########.#
♣~.# #........# ♣#.#
#.######.# # ...
#.######.#######


You could see a gnoll (unable to see you) and 2 jackals.

Vanquished Creatures
  3 dart slugs
  2 bats
  2 endoplasms
  2 goblins
  3 hobgoblins (D:1)
  A quokka (D:2)
  3 ball pythons
  7 kobolds
  3 rats (D:1)
26 creatures vanquished.

Notes
Turn   | Place    | Note
-------+----------+-------------------------------------------
     0 | D:1      | VictoriousLee the Ghoul Enchanter began the quest for the
                  | Orb.
     0 | D:1      | Reached XP level 1. HP: 14/14 MP: 2/2
   262 | D:1      | Reached skill level 1 in Unarmed Combat
   279 | D:1      | Reached XP level 2. HP: 13/22 MP: 3/3
   582 | D:1      | Reached skill level 1 in Fighting
   984 | D:1      | Found a faded altar of an unknown god.
  1248 | D:1      | Prayed at the altar of an unknown god.
  1248 | D:1      | Became a worshipper of Ignis, the Dying Flame
  1503 | D:2      | Reached XP level 3. HP: 28/28 MP: 4/4
  1906 | D:2      | HP: 1/28 [jackal (3)]
  1916 | D:2      | Slain by a jackal

Illustrated notes

Levels and vault maps discovered:
D:1:      nicolae_arrival_somewhat_less_tricky_arrival, layout_loops_ring,
          hellmonk_ecumenical_altar_inner_sanctum, minmay_misc_feat_four_crosses
D:2:      layout_basic, serial_bayou, serial_bayou_shore_a, serial_bayou_lake_a,
          serial_bayou_crossing, serial_bayou_ford_a, serial_bayou_pond_c,
          serial_bayou_pond_a, cheibrodos_gnoll_hut

Skill      XL: |  1  2 |
---------------+-------+-----
Unarmed Combat | 1 2 |  2.5
Fighting       | 1 |  1.5
Short Blades   | |  0.8
Dodging        | |  1.7
Stealth        | |  3.2
Spellcasting   | |  1.7
Hexes          | |  2.4

Action                   || total
-------------------------++-------
Melee: Dagger            ||   140
       Punch             ||     1
  Use: Potion            ||     1
 Stab: Sleeping          ||     2
Armor: Robe              ||     7
       Ring mail         ||    22
       Scale mail        ||    19
Dodge: Dodged            ||    81
